 Dungeon Crawl Stone Soup version 0.24.0-1-gfbc8707 (webtiles) character file.

Game seed: 11424796177437042861, levelgen mode: deterministic

249906 Faca the Phalangite (level 19, -15/165 HPs)
             Began as a Merfolk Gladiator on Oct 26, 2019.
             Was the Champion of Okawaru.
             Demolished by a large abomination (26 damage)
             ... created by a ghostly deep elf death mage
             ... led by an ironheart preserver
             ... on level 1 of the Vaults.
             The game lasted 02:09:43 (42917 turns).

Faca the Phalangite (Merfolk Gladiator)            Turns: 42917, Time: 02:09:43

Health: -15/165    AC: 15    Str: 23    XL:     19   Next: 61%
Magic:  23/26      EV: 30    Int:  5    God:    Okawaru [******]
Gold:   2266       SH: 18    Dex: 26    Spells: 18/18 levels left

rFire    . . .     SeeInvis .   h - +7 demon trident (flame)
rCold    + . .     Gourm    .   Z - +0 shield {reflect}
rNeg     . . .     Faith    .   A - +0 ring mail {MR+}
rPois    +         Spirit   .   a - +2 helmet of Heresy {rC+ MR+ Int-3 Dex+4}
rElec    .         Reflect  +   d - +0 cloak {rPois}
rCorr    .         Harm     .   L - +0 pair of gloves {Str+3}
MR       ++++.                  N - +2 pair of boots
Stlth    +.........             S - +4 amulet of reflection
HPRegen  0.37/turn              j - ring of protection from magic
MPRegen  0.20/turn              P - +5 ring of dexterity

@: finesse
A: change form in water, swift swim, stealthy swim
}: 2/15 runes: serpentine, barnacled
a: Heroism, Finesse, Renounce Religion


You were on level 1 of the Vaults.
You worshipped Okawaru.
Okawaru was exalted by your worship.
You were not hungry.

You visited 7 branches of the dungeon, and saw 33 of its levels.
You also visited: Sewer, Gauntlet and Volcano.

You collected 2799 gold pieces.
You spent 533 gold pieces at shops.

Inventory:

Hand Weapons
 h - a +7 demon trident of flaming (weapon)
 t - the +9 trident of Ahoydeef {pierce, rElec rF+ Int-3}
   (Okawaru gifted it to you on level 3 of the Shoals)

   It inflicts extra damage upon your enemies.
   It affects your intelligence (-3).
   It protects you from fire.
   It insulates you from electricity.
Missiles
 c - 134 javelins
 x - 28 silver javelins
 y - 8 throwing nets (quivered)
Armour
 a - the +2 helmet of Heresy (worn) {rC+ MR+ Int-3 Dex+4}
   (You found it in a Gauntlet)

   It affects your intelligence (-3).
   It affects your dexterity (+4).
   It protects you from cold.
   It affects your resistance to hostile enchantments.
 d - a +0 cloak of poison resistance (worn)
 n - a +0 large shield
 A - a +0 ring mail of magic resistance (worn)
 L - a +0 pair of gloves of strength (worn)
 M - the +1 ring mail of Action {rPois rC+ rCorr Int-2}
   (You bought it in a shop on level 3 of the Snake Pit)

   It affects your intelligence (-2).
   It protects you from cold.
   It protects you from poison.
   It provides partial protection from all sources of acid and corrosion.
 N - a +2 pair of boots (worn)
 Z - a +0 shield of reflection (worn)
Jewellery
 j - a ring of protection from magic (left hand)
 D - an uncursed amulet of magic regeneration {unknown}
 G - an uncursed ring of protection from fire
 P - a +5 ring of dexterity (right hand)
 S - a +4 amulet of reflection (around neck)
Wands
 o - a wand of acid (23)
 H - a wand of digging (5)
Scrolls
 b - 5 scrolls of blinking
 e - 22 scrolls of remove curse
 g - 5 scrolls of enchant weapon
 s - 5 scrolls of fear
 w - 7 scrolls of teleportation
 z - 6 scrolls of magic mapping
 J - 5 scrolls of enchant armour
 O - a scroll of holy word
 T - 2 scrolls of silence
 U - 2 scrolls of summoning
 W - a scroll of fog
Potions
 i - 4 potions of mutation
 k - 3 potions of ambrosia
 l - 6 potions of haste
 m - 5 potions of brilliance
 p - 7 potions of flight
 q - 13 potions of curing
 r - 5 potions of might
 u - 4 potions of agility
 v - 3 potions of cancellation
 B - 3 potions of resistance
 C - a potion of invisibility
 E - 6 potions of berserk rage
 F - 3 potions of lignification
Comestibles
 f - 53 rations


   Skills:
 + Level 18.9 Fighting
 + Level 25.0 Polearms
 - Level 2.0 Throwing
 - Level 5.0 Armour
 + Level 19.9 Dodging
 + Level 10.9 Shields
 - Level 10.0 Invocations


You had 18 spell levels left.
You didn't know any spells.
Your spell library contained the following spells:

 Spells                   Type           Power        Failure   Level  Hunger
 Corona                   Hex            #......      80%         1    ##.....
 Flame Tongue             Conj/Fire      #....        80%         1    ##.....
 Magic Dart               Conj           #...         80%         1    ##.....
 Sandblast                Erth           #.....       80%         1    ##.....
 Sting                    Conj/Pois      #...         80%         1    ##.....
 Summon Small Mammal      Summ           #...         80%         1    ##.....
 Call Imp                 Summ           #.......     91%         2    ###....
 Ensorcelled Hibernation  Hex/Ice        #.....       91%         2    ###....
 Passwall                 Tmut/Erth      #.......     91%         2    ###....
 Poisonous Vapours        Pois/Air       #.....       91%         2    ###....
 Searing Ray              Conj           #.....       91%         2    ###....
 Slow                     Hex            #.......     91%         2    ###....
 Throw Flame              Conj/Fire      #.....       91%         2    ###....
 Call Canine Familiar     Summ           #.......     99%         3    ####...
 Confuse                  Hex            #.......     99%         3    ####...
 Conjure Flame            Conj/Fire      #.......     99%         3    ####...
 Dazzling Spray           Conj/Hex       #.....       99%         3    ####...
 Inner Flame              Hex/Fire       #.......     99%         3    ####...
 Mephitic Cloud           Conj/Pois/Air  #.......     99%         3    ####...
 Portal Projectile        Hex/Tloc       #.....       99%         3    ####...
 Recall                   Summ/Tloc      N/A          99%         3    ####...
 Static Discharge         Conj/Air       #.......     99%         3    ####...
 Stone Arrow              Conj/Erth      #.....       99%         3    ####...
 Summon Guardian Golem    Hex/Summ       #.......     99%         3    ####...
 Tukima's Dance           Hex            #.......     99%         3    ####...
 Animate Dead             Necr           N/A          100%        4    #####..
 Cause Fear               Hex            #.........   100%        4    #####..
 Force Lance              Conj/Tloc      #.......     100%        4    #####..
 Fulminant Prism          Conj/Hex       #.........   100%        4    #####..
 Iskenderun's Mystic Bla  Conj           #.......     100%        4    #####..
 Leda's Liquefaction      Hex/Erth       #.........   100%        4    #####..
 Olgreb's Toxic Radiance  Pois           #.......     100%        4    #####..
 Petrify                  Tmut/Erth      #.......     100%        4    #####..
 Sticky Flame             Conj/Fire      #.......     100%        4    #####..
 Summon Ice Beast         Ice/Summ       #.......     100%        4    #####..
 Summon Lightning Spire   Summ/Air       #.......     100%        4    #####..
 Aura of Abjuration       Summ           #.........   100%        5    ######.
 Borgnjor's Vile Clutch   Necr/Erth      #.........   100%        5    ######.
 Fireball                 Conj/Fire      #.........   100%        5    ######.
 Lee's Rapid Deconstruct  Erth           #.........   100%        5    ######.
 Lightning Bolt           Conj/Air       #.........   100%        5    ######.
 Summon Demon             Summ           #.........   100%        5    ######.
 Summon Forest            Summ/Tloc      #.........   100%        5    ######.
 Summon Mana Viper        Hex/Summ       #.......     100%        5    ######.
 Venom Bolt               Conj/Pois      #.........   100%        5    ######.
 Bolt of Fire             Conj/Fire      #.........   100%        6    #######
 Death Channel            Necr           #.........   100%        6    #######
 Shadow Creatures         Summ           N/A          100%        6    #######
 Simulacrum               Ice/Necr       #.........   100%        6    #######
 Ring of Flames           Chrm/Fire      #.........   100%        7    #######
 Ignition                 Fire           #.........   100%        8    #######
 Shatter                  Erth           #.........   100%        9    #######
 Tornado                  Air            #.........   100%        9    #######


Dungeon Overview and Level Annotations

Branches:
Dungeon (15/15)            Temple (1/1) D:6            Lair (6/6) D:9
 Shoals (4/4) Lair:4        Snake (4/4) Lair:3        Slime (0/5) Lair:6
    Orc (2/2) D:12            Elf (0/3) Orc:2        Vaults (1/5) D:14
 Depths (0/5) D:15          Sewer (visited)         Volcano (visited)
Gauntlet (visited)

Altars:
Ashenzari
Cheibriados
Dithmenos
Elyvilon
Fedhas
Gozag
Hepliaklqana
Kikubaaqudgha
Makhleb
Nemelex Xobeh
Okawaru
Qazlal
Ru
Trog
Uskayaw
Vehumet
Wu Jian
Xom
Yredelemnul
Zin
The Shining One

Shops:
D:7 !   D:11 (   Orc:2 %:(}   Shoals:3 ?   Snake:3 [[


Message History

The large abomination hits you!!
* * * LOW HITPOINT WARNING * * *
You hit the large abomination. You burn the large abomination.
The large abomination is severely damaged.
You hit the large abomination but do no damage.
The large abomination is severely damaged.
You block the large abomination's attack.
You block the small abomination's attack.
You completely miss the large abomination.
The large abomination is severely damaged.
You completely miss the large abomination.
The large abomination is severely damaged.
You hit the large abomination. You burn the large abomination.
The large abomination is severely damaged.
The large abomination hits you!!
* * * LOW HITPOINT WARNING * * *
You feel better. The small abomination hits you!
* * * LOW HITPOINT WARNING * * *
The large abomination hits you!!
You die...

#.......# #######
#.......# #......
####)##+# #...... #######
#......# #......
.......####....####...)..
.....()#.###..###.#...∩..
#..)).##..##..#......
#.)#X).+......#......
#..#@x(#.....÷)......
Opc.#.)##+###..#######
Y.e..#.## ##.# #########
###


You could see a large abomination and a small abomination.

Vanquished Creatures
  Bai Suzhen (Shoals:4)
  Vashnia (Snake:2)
  Rupert (D:13)
  Frances (Shoals:1)
  A kraken (Shoals:1)
  Kirke (D:13)
  Donald (Shoals:3)
  The ghost of Strat the Severer, a journeyman DDFi of Makhleb (Snake:4)
  Ilsuiw (Shoals:2)
  A fire giant (D:15)
  6 nagarajas
  An orc warlord (Orc:2)
  Aizul (Shoals:2)
  A vault warden (Vaults:1)
  Louise (Snake:3)
  2 ironheart preservers (Vaults:1)
  A minotaur (Gauntlet)
  A dire elephant (Lair:6)
  8 merfolk javelineers
  A deep elf death mage (Vaults:1)
  A fire dragon (Vaults:1)
  4 merfolk impalers
  Snorg (Lair:5)
  Josephine (Shoals:1)
  A yaktaur captain (Vaults:1)
  13 naga warriors
  8 hydras
  A ghost crab (Gauntlet)
  2 catoblepae
  The ghost of jlumianski the Thaumaturge, a journeyman GnWr of Qazlal (D:11)
  5 merfolk aquamancers
  3 merfolk avatars
  2 alligator snapping turtles (Shoals:4)
  Erica (Lair:1)
  5 centaur warriors
  12 anacondas
  3 two-headed ogres
  A satyr (Shoals:3)
  17 death yaks
  2 deep troll shamans
  3 orc high priests (Orc:2)
  7 shock serpents
  An ogre mage (Vaults:1)
  14 naga sharpshooters
  Sonja (Orc:2)
  A salamander mystic (Snake:2)
  A skeletal warrior (D:14)
  3 deep trolls (Vaults:1)
  A wizard (D:14)
  9 sea snakes
  14 naga ritualists
  An unseen horror (D:13)
  9 orc knights
  A harpy (shapeshifter) (D:15)
  2 ironbrand convokers (Vaults:1)
  11 harpies
  4 ugly things
  15 mana vipers
  5 salamanders
  12 manticores
  12 fauns
  6 orc sorcerers (Orc:2)
  A deep elf mage (Vaults:1)
  4 cyclopes
  A vault sentinel (Vaults:1)
  6 merfolk sirens
  35 black mambas
  3 guardian serpents
  3 water nymphs
  4 elephants (Lair:6)
  18 naga magi
  16 spiny frogs
  2 yaktaurs
  4 rime drakes
  7 komodo dragons
  25 merfolk
  15 meliai
  4 trolls
  3 wind drakes
  A queen bee (Lair:3)
  13 hippogriffs
  11 dream sheep
  6 snapping turtles
  A hornet (D:13)
  7 slime creatures
  5 blink frogs (Lair:6)
  Sigmund (D:2)
  8 water elementals
  4 wraiths (Shoals:1)
  5 hogs (D:13)
  3 wyverns
  A steam dragon (D:11)
  3 hungry ghosts
  7 basilisks
  37 yaks
  9 vampire mosquitoes
  A redback simulacrum (D:11)
  3 wargs (Orc:1)
  9 water moccasins
  2 hell hounds (Lair:3)
  28 nagas
  10 porcupines
  27 orc warriors
  6 black bears
  7 ice beasts
  4 sky beasts
  A boggart (D:14)
  A necrophage (D:11)
  3 phantoms
  15 ogres
  32 centaurs
  10 wolves
  9 crocodiles
  7 big kobolds
  20 bullfrogs
  A gnoll sergeant (D:11)
  A wyvern skeleton (D:11)
  7 scorpions
  24 killer bees
  4 wights (D:12)
  4 howler monkeys
  2 electric eels
  2 spectral bullfrogs (D:11)
  5 centaur zombies
  3 crimson imps
  3 bullfrog zombies
  A wyvern simulacrum (D:10)
  11 hounds
  29 orc priests
  5 jellies
  29 orc wizards
  Crazy Yiuf (D:5)
  2 bullfrog skeletons
  Jessica (D:3)
  7 centaur skeletons
  Terence (D:2)
  3 iguanas
  16 worker ants
  3 bullfrog simulacra
  2 hound zombies
  3 hound skeletons
  A killer bee simulacrum (D:10)
  2 worker ant zombies
  5 gnolls
  14 adders
  6 shadow imps
  3 white imps
  A worker ant simulacrum (D:10)
  2 ufetubi (D:10)
  4 oozes
  An adder zombie (D:2)
  2 adder skeletons
  A dart slug (D:2)
  4 worms
  6 leopard geckos
  88 orcs
  7 ball pythons (Sewer)
  4 giant cockroaches
  9 goblins
  8 hobgoblins
  19 jackals
  4 quokkas
  6 bats
  9 frilled lizards
  A jackal skeleton (D:2)
  A jackal zombie (D:5)
  19 kobolds
  A quokka skeleton (D:4)
  11 rats
  3 rat zombies (D:4)
  A fungus (Lair:3)
  4 plants
  4 tentacles (Shoals:1)
  A withered plant (Shoals:1)
1140 creatures vanquished.

Vanquished Creatures (others)
  A merfolk aquamancer (Shoals:4)
  A naga sharpshooter (Snake:4)
  An unseen horror (D:15)
  A cyclops (D:15)
  A faun (Shoals:3)
  A merfolk (Shoals:4)
  A bullfrog zombie (D:11)
  A centaur zombie (D:11)
  An orc (D:10)
  12 fungi
  25 plants
  14 tentacles (Shoals:1)
60 creatures vanquished.

Grand Total: 1200 creatures vanquished

Notes
Turn   | Place    | Note
-------+----------+-------------------------------------------
     0 | D:1      | Faca the Merfolk Gladiator began the quest for the Orb.
     0 | D:1      | Reached XP level 1. HP: 16/16 MP: 1/1
   196 | D:1      | Reached XP level 2. HP: 23/23 MP: 2/2
   246 | D:1      | Reached skill level 5 in Polearms
   777 | D:2      | Reached XP level 3. HP: 29/29 MP: 3/3
  1032 | D:2      | Found a hazy altar of Hepliaklqana.
  1172 | D:2      | Noticed Terence
  1178 | D:2      | Killed Terence
  1178 | D:2      | Reached XP level 4. HP: 36/36 MP: 4/4
  1340 | D:2      | Noticed Sigmund
  1355 | D:2      | Killed Sigmund
  1355 | D:2      | Reached skill level 7 in Polearms
  1355 | D:2      | Reached XP level 5. HP: 37/43 MP: 5/5
  1355 | D:2      | Reached XP level 6. HP: 44/50 MP: 6/6
  1537 | D:2      | Noticed a phantom
  1550 | D:2      | Reached skill level 5 in Fighting
  1592 | D:2      | Killed a phantom
  1592 | D:2      | Reached skill level 8 in Polearms
  2130 | D:3      | Found a glowing drain.
  2160 | Sewer    | Entered a sewer
  2827 | D:3      | Found a blossoming altar of Fedhas.
  2868 | D:3      | Noticed Jessica
  2871 | D:3      | Killed Jessica
  2871 | D:3      | Reached XP level 7. HP: 57/57 MP: 7/7
  3310 | D:4      | Reached skill level 9 in Polearms
  3660 | D:4      | Found a white marble altar of Elyvilon.
  3660 | D:4      | Found a glowing silver altar of Zin.
  3660 | D:4      | Found a glowing golden altar of the Shining One.
  3841 | D:4      | Reached XP level 8. HP: 51/67 MP: 8/8
  3940 | D:4      | Reached skill level 10 in Polearms
  4234 | D:4      | Found an ancient bone altar of Kikubaaqudgha.
  4345 | D:4      | Found an opulent altar of Gozag.
  4480 | D:5      | Entered Level 5 of the Dungeon
  4928 | D:5      | Reached skill level 11 in Polearms
  5170 | D:5      | Found a hide-covered altar of Uskayaw.
  5504 | D:5      | Found a burning altar of Makhleb.
  5679 | D:5      | Found a runed translucent door.
  5680 | D:5      | Noticed Crazy Yiuf
  5690 | D:5      | Killed Crazy Yiuf
  5971 | D:5      | Reached XP level 9. HP: 36/75 MP: 9/9
  6302 | D:6      | Reached skill level 12 in Polearms
  6530 | D:6      | Found a snail-covered altar of Cheibriados.
  6817 | D:6      | Found a staircase to the Ecumenical Temple.
  6822 | Temple   | Entered the Ecumenical Temple
  6834 | Temple   | Became a worshipper of Warmaster Okawaru
  7193 | D:7      | Reached skill level 10 in Fighting
  7214 | D:7      | Found Wusoahaw's Distillery.
  7226 | D:7      | Bought a potion of degeneration for 11 gold pieces
  7243 | D:7      | Reached skill level 13 in Polearms
  7341 | D:7      | Found a shattered altar of Ashenzari.
  7341 | D:7      | Found a stormy altar of Qazlal.
  7409 | D:7      | Found a basalt altar of Yredelemnul.
  7484 | D:7      | Found a sacrificial altar of Ru.
  7512 | D:7      | Reached * piety under Okawaru
  8007 | D:8      | Reached skill level 5 in Dodging
  8312 | D:8      | Found a shimmering altar of Xom.
  8312 | D:8      | Found a shimmering altar of Xom.
  8314 | D:8      | Found a shimmering altar of Xom.
  8315 | D:8      | Found a shimmering altar of Xom.
  8329 | D:8      | Found a shimmering altar of Xom.
  8409 | D:8      | Reached skill level 1 in Armour
  8415 | D:8      | Reached ** piety under Okawaru
  8415 | D:8      | Reached XP level 10. HP: 82/86 MP: 10/10
  8472 | D:9      | Found a staircase to the Lair.
  8729 | D:9      | Noticed a two-headed ogre
  8748 | D:9      | Killed a two-headed ogre
  8748 | D:9      | Reached skill level 14 in Polearms
  9014 | D:9      | Reached *** piety under Okawaru
  9182 | D:9      | Found a bloodstained altar of Trog.
  9825 | D:10     | Entered Level 10 of the Dungeon
  9967 | D:10     | Found a white marble altar of Elyvilon.
 10032 | D:10     | Reached XP level 11. HP: 93/93 MP: 11/11
 10495 | D:10     | Reached **** piety under Okawaru
 10885 | D:11     | Noticed a cyclops
 10948 | D:10     | Killed a cyclops
 11083 | D:11     | Reached skill level 15 in Polearms
 11131 | D:11     | Found a gate leading to a gauntlet.
 11140 | Gauntlet | Entered a Gauntlet
 11140 | Gauntlet | Found a transporter.
 11140 | Gauntlet | Found a large runed translucent door.
 11140 | Gauntlet | Found a large runed translucent door.
 11140 | Gauntlet | Found a large runed translucent door.
 11140 | Gauntlet | Found a large runed translucent door.
 11140 | Gauntlet | Found a runed translucent door.
 11140 | Gauntlet | Found a runed translucent door.
 11140 | Gauntlet | Found a large runed translucent door.
 11140 | Gauntlet | Found a large runed translucent door.
 11140 | Gauntlet | Found a large runed translucent door.
 11140 | Gauntlet | Found a large runed translucent door.
 11140 | Gauntlet | Found a large runed translucent door.
 11140 | Gauntlet | Found a large runed translucent door.
 11338 | Gauntlet | Found a large runed translucent door.
 11338 | Gauntlet | Found a large runed translucent door.
 11339 | Gauntlet | Found a large runed translucent door.
 11339 | Gauntlet | Found a large runed translucent door.
 11339 | Gauntlet | Found a large runed translucent door.
 11339 | Gauntlet | Found a large runed translucent door.
 11348 | Gauntlet | Found a transporter.
 11361 | Gauntlet | Found a transporter.
 11366 | Gauntlet | Found a transporter.
 11380 | Gauntlet | Noticed a catoblepas
 11381 | Gauntlet | Found a transporter.
 11400 | Gauntlet | Found a transporter.
 11421 | Gauntlet | Found a transporter.
 11421 | Gauntlet | Noticed a ghost crab
 11426 | Gauntlet | Found a transporter.
 11438 | Gauntlet | Noticed a sixfirhy
 11441 | Gauntlet | Found a transporter.
 11442 | Gauntlet | Noticed a sixfirhy
 11452 | Gauntlet | Noticed a sixfirhy
 11460 | Gauntlet | Found the +0 pair of fencer's gloves {Riposte Dex+3}
 11460 | Gauntlet | Found a transporter.
 11460 | Gauntlet | Noticed a hell beast
 11472 | Gauntlet | Found a transporter.
 11489 | Gauntlet | Found a transporter.
 11489 | Gauntlet | Found a transporter.
 11521 | Gauntlet | Found a transporter.
 11523 | Gauntlet | Found a transporter.
 11554 | Gauntlet | Found a transporter.
 11555 | Gauntlet | Noticed a wizard
 11646 | Gauntlet | Found a transporter.
 11647 | Gauntlet | Noticed a worldbinder
 11669 | Gauntlet | Found a runed translucent gate.
 11669 | Gauntlet | Found a runed translucent gate.
 11669 | Gauntlet | Found a runed translucent gate.
 11697 | Gauntlet | Found a transporter.
 11831 | Gauntlet | Killed a ghost crab
 11847 | Gauntlet | Got an encrusted helmet
 12106 | Gauntlet | Identified the +2 helmet of Heresy {rC+ MR+ Int-3 Dex+4}
                  | (You found it in a Gauntlet)
 12124 | Gauntlet | Identified the +6 morningstar of Sourch {freeze, +Inv rElec
                  | Str-3 Int+8}
 12124 | Gauntlet | Noticed a minotaur
 12139 | Gauntlet | Killed a minotaur
 12173 | D:11     | Found Woidus's Weapon Shop.
 12364 | D:11     | Reached ***** piety under Okawaru
 12364 | D:11     | Received a gift from Okawaru
 12711 | D:11     | Found a runed translucent gate.
 12712 | D:11     | Found a runed translucent gate.
 12713 | D:11     | Found a runed translucent gate.
 12715 | D:11     | Noticed jlumianski's ghost (journeyman GnWr)
 13296 | Lair:1   | Entered Level 1 of the Lair of Beasts
 13586 | Lair:1   | Reached skill level 10 in Dodging
 13649 | Lair:1   | Reached skill level 5 in Armour
 13654 | Lair:1   | Received a gift from Okawaru
 13765 | Lair:1   | Reached skill level 18 in Polearms
 13765 | Lair:1   | Reached XP level 12. HP: 103/103 MP: 12/12
 14288 | Lair:2   | Reached XP level 13. HP: 82/109 MP: 13/13
 14839 | Lair:2   | Reached skill level 1 in Invocations
 15753 | Lair:3   | Found a staircase to the Snake Pit.
 15777 | Lair:3   | Reached skill level 19 in Polearms
 15940 | Lair:3   | Found a dark tunnel.
 16020 | Volcano  | Entered a volcano
 16097 | Volcano  | Received a gift from Okawaru
 16106 | Volcano  | Got a faintly glowing glaive {god gift}
 16393 | Lair:3   | Identified the +9 glaive "Ejakaun" {flame, rN+ Int+4}
                  | (Okawaru gifted it to you in a volcano)
 17319 | Lair:4   | Received a gift from Okawaru
 17319 | Lair:4   | Reached skill level 5 in Invocations
 17724 | Lair:4   | Found a staircase to the Shoals.
 18063 | Lair:5   | Reached XP level 14. HP: 112/119 MP: 18/18
 18343 | Lair:5   | Reached skill level 20 in Polearms
 18345 | Lair:5   | Noticed Snorg
 18386 | Lair:5   | Killed Snorg
 18386 | Lair:5   | Received a gift from Okawaru
 18646 | Lair:5   | Identified the +4 chain mail of the Realm of Zot {Int+3
                  | Dex+2} (Okawaru gifted it to you on level 5 of the Lair of
                  | Beasts)
 18890 | Lair:6   | Entered Level 6 of the Lair of Beasts
 20104 | Lair:6   | Reached ****** piety under Okawaru
 20104 | Lair:6   | Received a gift from Okawaru
 20112 | Lair:6   | Noticed a dire elephant
 20120 | Lair:6   | Killed a dire elephant
 20927 | Lair:6   | Reached XP level 15. HP: 107/127 MP: 21/21
 21044 | Lair:6   | Found a staircase to the Slime Pits.
 21374 | D:12     | Found a staircase to the Orcish Mines.
 21985 | Orc:1    | Entered Level 1 of the Orcish Mines
 22220 | Orc:2    | Entered Level 2 of the Orcish Mines
 22439 | Orc:2    | Reached skill level 21 in Polearms
 22486 | Orc:2    | Noticed an orc warlord
 22521 | Orc:2    | Killed an orc warlord
 22521 | Orc:2    | Reached skill level 15 in Fighting
 22690 | Orc:2    | Found a staircase to the Elven Halls.
 23378 | Orc:2    | Noticed Sonja
 23382 | Orc:2    | Killed Sonja
 23382 | Orc:2    | Received a gift from Okawaru
 23399 | Orc:2    | Got a shimmering bardiche {god gift}
 23400 | Orc:2    | Identified the +8 bardiche of Duw Empimoj {chop, Dex+3}
                  | (Okawaru gifted it to you on level 2 of the Orcish Mines)
 23671 | Orc:2    | Found Neycill's Book Emporium.
 24134 | Orc:2    | Found Yxinam's Antique Weapon Boutique.
 24136 | Orc:2    | Found Womafuil's Gadget Boutique.
 24136 | Orc:2    | Found Geyhaon's Food Emporium.
 24452 | D:13     | Found a burning altar of Makhleb.
 24520 | D:13     | Reached skill level 15 in Dodging
 24627 | D:13     | Noticed Rupert
 24641 | D:13     | Killed Rupert
 24641 | D:13     | Reached skill level 10 in Invocations
 24766 | D:13     | Noticed Kirke
 24768 | D:13     | Received a gift from Okawaru
 24769 | D:13     | Noticed a sphinx
 24787 | D:13     | Killed Kirke
 25492 | D:14     | Identified the cursed +1 ring mail "Ifetierch" {-Tele rC+
                  | MR+ Int+6}
 25507 | D:14     | Reached XP level 16. HP: 81/138 MP: 23/23
 25734 | D:14     | Found a gate to the Vaults.
 25962 | D:14     | Received a gift from Okawaru
 25970 | D:14     | Reached skill level 22 in Polearms
 26019 | D:14     | Got a dazzling buckler {god gift}
 26020 | D:14     | Identified the +0 buckler of the Thunderstorm {Int+3}
                  | (Okawaru gifted it to you on level 14 of the Dungeon)
 26501 | Lair:1   | Noticed Erica
 26568 | Shoals:1 | Entered Level 1 of the Shoals
 26911 | Shoals:1 | Reached skill level 1 in Shields
 27297 | Shoals:1 | Noticed Josephine
 27348 | Shoals:1 | Killed Josephine
 27435 | Shoals:1 | Noticed Frances
 27453 | Shoals:1 | Killed Frances
 27526 | Shoals:1 | Noticed a kraken
 27965 | Shoals:1 | Killed a kraken
 28124 | Shoals:2 | Noticed Aizul
 28146 | Shoals:2 | Killed Aizul
 29187 | Shoals:3 | Noticed Donald
 29245 | Shoals:3 | Killed Donald
 29880 | Shoals:3 | Received a gift from Okawaru
 29936 | Shoals:3 | Found Tapsycko's Magic Scroll Shop.
 30181 | Shoals:3 | Noticed Ilsuiw
 30240 | Shoals:3 | Reached skill level 5 in Shields
 30678 | Shoals:3 | Received a gift from Okawaru
 30683 | Shoals:3 | Identified the +9 trident of Ahoydeef {pierce, rElec rF+
                  | Int-3} (Okawaru gifted it to you on level 3 of the Shoals)
 31070 | Shoals:3 | Reached XP level 17. HP: 131/146 MP: 24/24
 31108 | Shoals:2 | Killed Ilsuiw
 31274 | Shoals:4 | Entered Level 4 of the Shoals
 31508 | Shoals:4 | Noticed Bai Suzhen
 31558 | Shoals:4 | Killed Bai Suzhen
 31558 | Shoals:4 | Reached skill level 23 in Polearms
 31945 | Shoals:4 | Received a gift from Okawaru
 33591 | Shoals:4 | Got a barnacled rune of Zot
 34185 | Snake:1  | Entered Level 1 of the Snake Pit
 36520 | Snake:2  | Reached XP level 18. HP: 155/155 MP: 25/25
 36665 | Snake:2  | Noticed Vashnia
 36705 | Snake:2  | Killed Vashnia
 36705 | Snake:2  | Received a gift from Okawaru
 37659 | Snake:3  | Found Dihuli's Antique Armour Boutique.
 37671 | Snake:3  | Found Loivalale's Armour Shop.
 37685 | Snake:3  | Bought a bloodstained scale mail for 261 gold pieces
 37685 | Snake:3  | Bought a jewelled ring mail for 261 gold pieces
 37778 | Snake:3  | Reached skill level 24 in Polearms
 37845 | Snake:3  | Received a gift from Okawaru
 38154 | Snake:3  | Noticed Louise
 38165 | Snake:3  | Killed Louise
 38292 | Snake:3  | Identified the +1 ring mail of Action {rPois rC+ rCorr
                  | Int-2} (You bought it in a shop on level 3 of the Snake
                  | Pit)
 38293 | Snake:3  | Identified the cursed +0 scale mail of Dithmenos's Fury
                  | {Str+4 Int+4} (You bought it in a shop on level 3 of the
                  | Snake Pit)
 38488 | Snake:4  | Entered Level 4 of the Snake Pit
 38757 | Snake:4  | Found a runed translucent door.
 38762 | Snake:4  | Noticed Strat's ghost (journeyman DDFi)
 38953 | Snake:4  | Identified the Collected Works on Blistering Boosts
 39832 | Snake:4  | Received a gift from Okawaru
 40010 | Snake:4  | Reached XP level 19. HP: 125/164 MP: 26/26
 40021 | Snake:4  | Reached skill level 10 in Shields
 40418 | Snake:4  | Received a gift from Okawaru
 40469 | Snake:4  | Got a serpentine rune of Zot
 40586 | Snake:4  | Killed Strat's ghost
 40785 | Lair:1   | Killed Erica
 40896 | D:11     | Killed jlumianski's ghost
 40987 | D:15     | Entered Level 15 of the Dungeon
 42072 | D:15     | Found a staircase to the Depths.
 42480 | Vaults:1 | Entered Level 1 of the Vaults
 42845 | Vaults:1 | Reached skill level 25 in Polearms
 42917 | Vaults:1 | Demolished by a large abomination

Levels and vault maps discovered:
D:1:      elethiomel_arrival_infinity_welcomes_careful_drivers,
          layout_loops_cross
D:2:      layout_loops_corners, overflow_temple_1_default, first_ration,
          minmay_divided_ellipse, uniq_terence, uniq_sigmund
D:3:      layout_loops_cross, cheibrodos_sewer_entry_drain, fedhas_altar_3,
          uniq_jessica
D:4:      layout_cave_pools, good_gods_mini_temple,
          lemuel_zombie_altar_kikubaaqudgha,
          nicolae_gozag_cash_rules_everything_around_me
D:5:      layout_basic, old_standard_altar, makhleb_blood_cavern_becter,
          uniq_crazy_yiuf_cottage
D:6:      layout_rooms, minmay_temple_entry_statues_pillars,
          grunt_ministairs_15, cheibriados_altar_1
D:7:      layout_gridville, nicolae_ru_path_of_blood, marbit_many_paths,
          grunt_temple_overflow_open, serial_shops, shop_fountains
D:8:      layout_loops_ring, xom_shifter_show, feat_on_display
D:9:      layout_roguey, bloody_trog, due_lair_maze_entry_diamond
D:10:     layout_roguey, basic_altar, serial_ice, serial_ice_d, serial_ice_g,
          serial_ice_f, serial_ice_l, serial_ice_a, serial_ice_c, serial_ice_m
D:11:     layout_loops_cross, serial_shops, nicolae_shop_waterfront,
          gammafunk_ghost_necromancy, gauntlet_entry_generic
D:12:     layout_irregular_city, orc_0_dummy
D:13:     layout_loops_corners, basic_altar, uniq_kirke, uniq_rupert
D:14:     layout_basic, hangedman_vaults_entry_quadrant_bands, hangedman_ranch
          [blue_anna_fruit_fields], kennysheep_small_square
D:15:     grunt_enter_depths_giant_problem, layout_loops_ring,
          minmay_misc_feat_pillars, serial_bayou_lake_a
Temple:   jpeg_temple_island
Lair:1:   layout_chaotic_city, lemuel_fruit_tree, grunt_megastairs_3, uniq_erica
Lair:2:   layout_regular_city, minmay_hedge_maze, grunt_megastairs_4
Lair:3:   layout_loops_ring, guppyfry_snake_entry_island, enter_volcano_3,
          special_room [special_room_bee], st_stairs_8
Lair:4:   layout_regular_city, minmay_shoals_entry_beasts,
          small_statue_intersection, st_stairs_12, nicolae_quartered_pool_medium
Lair:5:   layout_roguey, uniq_snorg
Lair:6:   grunt_lair_end_beastmaster, layout_gridlike, slime_dummy
Shoals:1: layout_shoals, argonaut_gorgonesque, uniq_josephine, uniq_frances
Shoals:2: layout_shoals, uniq_aizul
Shoals:3: layout_shoals, serial_shops, shop, uniq_ilsuiw, uniq_donald
Shoals:4: shoals_end_hangedman, layout_shoals, uniq_bai_suzhen
Snake:1:  layout_gridlike, st_stairs_4, grunt_megastairs_2
Snake:2:  layout_onion, st_stairs_5, serial_bayou_shore_b, uniq_vashnia
Snake:3:  layout_misc_corridors, minmay_shoptagon, uniq_louise
Snake:4:  snake_pit, layout_cave_town, ebering_ghost_reflecting_pool,
          hangedman_snake_pattern
Orc:1:    layout_diamond_mine
Orc:2:    st_orc_elflike, layout_diamond_mine, uniq_sonja
Vaults:1: gammafunk_vaults_ghost_cemetery, v_misc_24,
          ontoclasm_vaults_ring_square, vaults_mumra_hexcomb, vaults_room_grid,
          hangedman_vaults_impose, vaults_mumra_chevron_long, vaults_room_pool,
          grunt_vaults_focal, nicolae_vaults_yaktaur_gun_rack,
          vaults_dpeg_encased_lava, vaults_room_pools, layout_vaults_maze_bifur

Skill      XL: |  1  2  3  4  5  6  7  8  9 10 11 12 13 14 15 16 17 18 19 |
---------------+----------------------------------------------------------+-----
Polearms       | 5 7 8 9 11 13 14 18 19 20 21 22 23 24 25 | 25.0
Fighting       | 3 4 5 7 8 10 11 12 13 14 15 16 17 18 | 18.9
Dodging        | 5 8 10 12 14 15 17 18 19 | 19.9
Armour         | 1 3 5 |  5.0
Invocations    | 5 8 10 | 10.0
Shields        | 5 7 9 10 | 10.9
Throwing       | |  2.0

Action                   |  1- 3 |  4- 6 |  7- 9 | 10-12 | 13-15 | 16-18 | 19-21 || total
-------------------------+-------+-------+-------+-------+-------+-------+-------++-------
Melee: Trident           |    86 |   216 |   582 |   640 |   231 |   635 |       ||  2390
       Tailslap          |       |     8 |       |     2 |     1 |   142 |     3 ||   156
       Punch             |       |       |       |     2 |     1 |       |       ||     3
       Glaive            |       |       |       |       |   996 |    60 |       ||  1056
       Demon trident     |       |       |       |       |       |  1133 |   413 ||  1546
Throw: Throwing net      |       |     1 |     2 |       |       |       |       ||     3
Invok: Heroism           |       |       |     1 |     4 |     8 |     6 |     1 ||    20
       Finesse           |       |       |       |       |       |     6 |     2 ||     8
  Use: Scroll            |       |    12 |     5 |     5 |    12 |    17 |       ||    51
       Potion            |       |       |     1 |     4 |     1 |     6 |     3 ||    15
 Stab: Sleeping          |     2 |     2 |       |       |    10 |     8 |     1 ||    23
       Distracted        |       |       |       |     1 |     2 |     6 |     1 ||    10
       Held in net/web   |       |       |       |       |       |     1 |       ||     1
  Eat: Chunk             |     1 |     4 |    19 |    16 |    33 |    25 |     2 ||   100
       Ration            |       |       |       |     1 |     1 |     6 |     2 ||    10
Armor: Ring mail         |    18 |    15 |   162 |    66 |       |    10 |    11 ||   282
       Steam dragon scal |       |       |       |    26 |   107 |    93 |       ||   226
       Chain mail        |       |       |       |       |       |    49 |       ||    49
Dodge: Dodged            |    22 |    59 |   242 |   326 |   726 |   836 |   120 ||  2331
Block: Other             |       |       |       |       |    70 |     4 |       ||    74
       Reflection        |       |       |       |       |    13 |    91 |    24 ||   128
       Buckler           |       |       |       |       |       |   154 |       ||   154
       Shield            |       |       |       |       |       |   616 |   172 ||   788
